 Dungeon Crawl Stone Soup version 0.24.0-13-gcf9b319 (webtiles) character file.

Game seed: 9045689895523109335, levelgen mode: deterministic

689 Fortress the Digger (level 7, -4/36 HPs)
             Began as a Gargoyle Earth Elementalist on Jan 6, 2020.
             Was an Initiate of Vehumet.
             Killed by divine providence
             ... invoked by an orc priest
              (12 damage)
             ... on level 5 of the Dungeon on Jan 7, 2020.
             The game lasted 00:23:01 (4149 turns).

Fortress the Digger (Gargoyle Earth Elementalist)   Turns: 4149, Time: 00:23:04

Health: -4/36      AC:  6    Str: 12    XL:     7   Next: 63%
Magic:  1/15       EV: 12    Int: 17    God:    Vehumet [......]
Gold:   13         SH:  0    Dex: 10    Spells: 3/16 levels left

rFire    . . .     SeeInvis .   s - staff of conjuration
rCold    . . .     Gourm    .   (no shield)
rNeg     + . .     Faith    .   c - +0 robe
rPois    ∞         Spirit   .   (no helmet)
rElec    +         Reflect  .   (no cloak)
rCorr    .         Harm     .   (no gloves)
MR       .....                  (no boots)
Stlth    ++........             i - amulet of magic regeneration
HPRegen  0.12/turn              (no ring)
MPRegen  0.39/turn              (no ring)

@: very slightly contaminated
A: negative energy resistance 1, electricity resistance, unbreathing,
petrification resistance, rot immunity, AC +4
a: Renounce Religion


You were on level 5 of the Dungeon.
You worshipped Vehumet.
Vehumet was noncommittal.
You were hungry.

You visited 2 branches of the dungeon, and saw 6 of its levels.

You collected 130 gold pieces.
You spent 117 gold pieces at shops.

Inventory:

Hand Weapons
 l - a +1 mace of crushing
 p - a +1 hand axe of freezing
 q - a +0 short sword of speed
Missiles
 b - 29 stones (quivered)
 t - 24 bolts
Armour
 c - a +0 robe (worn)
Magical Staves
 s - an uncursed staff of conjuration (weapon)
Jewellery
 f - an uncursed amulet of faith
 i - an amulet of magic regeneration (around neck)
Scrolls
 a - 6 scrolls of remove curse
 h - 4 scrolls of identify
 k - a scroll of enchant armour {unknown}
 m - a scroll of teleportation
 o - a scroll of fear {unknown}
 u - a scroll of random uselessness {unknown}
Potions
 g - a potion of resistance {unknown}
 j - a potion of brilliance {unknown}
 n - a potion of berserk rage {unknown}
 r - a potion of lignification {unknown}
Comestibles
 d - 5 rations


   Skills:
 - Level 2.0 Dodging
 - Level 3.0 Stealth
 + Level 5.4 Spellcasting
 + Level 1.2 Conjurations
 + Level 0.7 Transmutations
 + Level 7.1 Earth Magic


You had 3 spell levels left.
You knew the following spells:

 Your Spells              Type           Power        Failure   Level  Hunger
a - Sandblast             Erth           ####..       1%          1    None
b - Stone Arrow           Conj/Erth      ####..       8%          3    ##.....
c - Petrify               Tmut/Erth      ###.....     26%         4    ####...
d - Lee's Rapid Deconstr  Erth           ####......   21%         5    ######.

Your spell library contained the following spells:

 Spells                   Type           Power        Failure   Level  Hunger
 Passwall                 Tmut/Erth      ###.....     4%          2    #......
 Beastly Appendage        Tmut           #.....       10%         1    None
 Sticks to Snakes         Tmut           #.......     16%         2    #......
 Spider Form              Tmut/Pois      #.........   34%         3    ##.....
 Ice Form                 Ice/Tmut       #.......     75%         4    ####...
 Blade Hands              Tmut           #.........   95%         5    ######.


Dungeon Overview and Level Annotations

Branches:
Dungeon (5/15)             Temple (1/1) D:5

Altars:
Ashenzari
Cheibriados
Dithmenos
Elyvilon
Fedhas
Gozag
Hepliaklqana
Kikubaaqudgha
Makhleb
Nemelex Xobeh
Okawaru
Qazlal
Ru
Sif Muna
Trog
Uskayaw
Vehumet
Wu Jian
Xom
Yredelemnul
Zin
The Shining One

Shops:
D:4 [


Innate Abilities, Weirdness & Mutations

You are resistant to torment.
Your stone body is resilient. (AC +4)
You are immune to poison.
You resist negative energy. (rN+)
You are resistant to electric shocks. (rElec)
You can survive without breathing.
You are immune to petrification.
You are immune to rotting.


Message History

The orc hits you with a +0 short sword.
* * * LOW HITPOINT WARNING * * *
Casting: Sandblast (safe; 1% risk of failure)
Confirm with . or Enter, or press ? or * to list all spells.
Okay, then.
You feel better.
The bullfrog skeleton closely misses you.
The orc priest closely misses you. The orc hits you but does no damage.
Casting: Sandblast (safe; 1% risk of failure)
Confirm with . or Enter, or press ? or * to list all spells.
Aiming: Sandblast (safe; 1% risk of failure)
Press: ? - help, Shift-Dir - straight line, f/p - orc priest
Aim: an orc priest, wielding a +1 dagger of distortion and wearing a +0 chain mail (almost dead)
The blast of sand misses the orc priest.
b - 29 stones The bullfrog skeleton hits you.
* * * LOW HITPOINT WARNING * * *
The orc priest invokes the aid of Beogh against you.
Beogh smites you!
You die...

#.#####
#.##
#.....#
#... #
#####.#
##.. : #.#
##. #. #.#
##
#.######>#
#
#..#...#.#
#c.Z.#...#
#@o.###
##o## #.#
#.. ###


You could see a centaur, an orc priest, an orc and a bullfrog skeleton.

Vanquished Creatures
  2 phantoms
  An ogre (D:4)
  A bullfrog (D:5)
  A scorpion (D:3)
  An orc priest (D:3)
  2 hounds
  2 orc wizards (D:5)
  A worker ant (D:4)
  7 adders
  2 oozes
  An adder skeleton (D:4)
  3 worms
  A dart slug (D:4)
  3 leopard geckos
  7 orcs
  9 bats
  4 giant cockroaches
  5 goblins
  5 hobgoblins
  2 jackals (D:1)
  3 kobolds
  3 quokkas (D:2)
  3 frilled lizards
  A quokka skeleton (D:5)
  7 rats
77 creatures vanquished.

Notes
Turn   | Place    | Note
-------+----------+-------------------------------------------
     0 | D:1      | Fortress the Gargoyle Earth Elementalist began the quest
                  | for the Orb.
     0 | D:1      | Reached XP level 1. HP: 10/10 MP: 3/3
   236 | D:1      | Reached skill level 4 in Earth Magic
   236 | D:1      | Reached XP level 2. HP: 15/15 MP: 3/5
   562 | D:1      | Reached XP level 3. HP: 19/19 MP: 3/6
  1318 | D:2      | Reached XP level 4. HP: 16/24 MP: 5/8
  2032 | D:3      | Reached XP level 5. HP: 12/28 MP: 9/9
  2250 | D:3      | Reached skill level 5 in Earth Magic
  2552 | D:3      | Found a glowing golden altar of the Shining One.
  2553 | D:3      | Found an ancient bone altar of Kikubaaqudgha.
  2653 | D:3      | Found an ornate altar of the Wu Jian Council.
  2653 | D:3      | Found a shimmering altar of Xom.
  2841 | D:4      | Noticed an ogre
  2847 | D:4      | Killed an ogre
  2847 | D:4      | Reached XP level 6. HP: 23/32 MP: 8/12
  3112 | D:4      | Learned a level 3 spell: Stone Arrow
  3117 | D:4      | Learned a level 4 spell: Petrify
  3123 | D:4      | Learned a level 5 spell: Lee's Rapid Deconstruction
  3140 | D:4      | Noticed a phantom
  3149 | D:4      | Reached skill level 6 in Earth Magic
  3157 | D:4      | Killed a phantom
  3204 | D:4      | Found Rimohi's Armour Shop.
  3220 | D:4      | Bought a scarf of spirit shield for 117 gold pieces
  3267 | D:4      | Reached XP level 7. HP: 36/36 MP: 2/14
  3645 | D:5      | Entered Level 5 of the Dungeon
  3722 | D:5      | Reached skill level 5 in Spellcasting
  3764 | D:5      | Found a staircase to the Ecumenical Temple.
  3778 | Temple   | Entered the Ecumenical Temple
  3856 | Temple   | Became a worshipper of Vehumet
  4138 | D:5      | Reached skill level 1 in Conjurations
  4138 | D:5      | Reached skill level 7 in Earth Magic
  4144 | D:5      | HP: 1/36 [orc/+0 short sword (2)]
  4149 | D:5      | Killed from afar by an orc priest

Levels and vault maps discovered:
D:1:      dpeg_arrival_rhombus, layout_basic
D:2:      layout_basic, first_ration
D:3:      layout_rooms, gammafunk_temple_overflow_wave,
          gammafunk_temple_overflow_statue
D:4:      layout_gridville, serial_shops, shop, chequers_serial_rivers_small_3
D:5:      layout_loops_ring, minmay_temple_entry_tees, minmay_manual_monolith
Temple:   hc_temple_tempest_star

Skill      XL: |  1  2  3  4  5  6  7 |
---------------+----------------------+-----
Earth Magic    | 4 5 6 7 |  7.1
Dodging        | 2 |  2.0
Stealth        | 3 |  3.0
Spellcasting   | 3 4 5 |  5.4
Conjurations   | 1 |  1.2
Transmutations | |  0.7

Action                   |  1- 3 |  4- 6 |  7- 9 || total
-------------------------+-------+-------+-------++-------
Melee: Unarmed           |    18 |       |       ||    18
       Club              |    36 |    10 |       ||    46
       Mace              |       |    61 |       ||    61
       Hand axe          |       |    36 |       ||    36
       Staff             |       |       |     3 ||     3
 Cast: Sandblast         |    37 |    27 |    22 ||    86
       Stone Arrow       |       |     5 |     8 ||    13
  Use: Scroll            |     4 |     1 |       ||     5
       Potion            |       |       |     2 ||     2
 Stab: Sleeping          |     2 |       |     1 ||     3
  Eat: Chunk             |     1 |     7 |       ||     8
       Ration            |       |       |     1 ||     1
Armor: Robe              |    19 |    50 |    13 ||    82
Dodge: Dodged            |    37 |   105 |    18 ||   160
